 Dungeon Crawl Stone Soup version 0.21.0-25-ge575cb9ce8 (webtiles) character file.

42 DildoBatman the Sneak (level 3, -2/29 HPs)
             Began as a Formicid Enchanter on Jan 25, 2018.
             Slain by an orc
             ... wielding a cursed +0 falchion
              (5 damage)
             ... on level 2 of the Dungeon.
             The game lasted 00:05:45 (1778 turns).

DildoBatman the Sneak (Formicid Enchanter)          Turns: 1778, Time: 00:05:46

Health: -2/29      AC:  4    Str: 13    XL:     3   Next: 80%
Magic:  1/6        EV: 11    Int: 14    God:
Gold:   89         SH:  0    Dex: 11    Spells: 2/6 levels left

rFire    . . .     SeeInvis +   a - +1 dagger
rCold    . . .     Gourm    .   (no shield)
rNeg     . . .     Faith    .   f - +0 ring mail
rPois    .         Spirit   .   (helmet unavailable)
rElec    .         Reflect  .   (no cloak)
rCorr    .         Harm     .   (no gloves)
MR       .....                  o - -2 pair of boots (curse)
Stlth    ++........             (no amulet)
HPRegen  0.09/turn              (no ring)
MPRegen  0.10/turn              (no ring)

@: very slightly contaminated
A: permanent stasis, dig shafts and tunnels, four strong arms, antennae 3
a: Dig, Shaft Self


You were on level 2 of the Dungeon.
You were hungry.

You visited 1 branch of the dungeon, and saw 3 of its levels.

You collected 89 gold pieces.

Inventory:

Hand Weapons
 a - a +1 dagger (weapon)
Armour
 b - a +0 robe
 f - a +0 ring mail (worn)
 o - a cursed -2 pair of boots (worn)
Scrolls
 e - 2 scrolls of identify {unknown}
 g - a scroll of remove curse {unknown}
 i - a scroll of teleportation {unknown}
 j - a scroll of fear {unknown}
 q - a scroll of blinking {unknown}
Potions
 h - a potion of magic {unknown}
 k - a potion of flight {unknown}
 l - a potion of haste {unknown}
 m - a potion of degeneration {unknown}
 n - 2 potions of curing {unknown}
Books
 c - a book of Maledictions

   Spells                             Type                      Level
   a - Corona                         Hexes                        1
   b - Ensorcelled Hibernation        Hexes/Ice                    2
   c - Confuse                        Hexes                        3
   d - Tukima's Dance                 Hexes                        3
   e - Dazzling Spray                 Conjuration/Hexes            3
Comestibles
 d - 7 rations
 p - a chunk of flesh


   Skills:
 - Level 3.0 Fighting
 - Level 1.0 Short Blades
 * Level 0.2 Armour
 - Level 2.0 Dodging
 * Level 3.7 Stealth
 - Level 2.1 Spellcasting
 * Level 3.7 Hexes


You had 2 spell levels left.
You knew the following spells:

 Your Spells              Type           Power        Failure   Level  Hunger
a - Corona                Hex            ##.....      11%         1    #......
b - Confuse               Hex            ##......     32%         3    ###....


Dungeon Overview and Level Annotations

Branches:
Dungeon (3/15)

Altars:


Innate Abilities, Weirdness & Mutations

You cannot be hasted, slowed, berserked, paralysed or teleported.
You can dig through walls and to a lower floor.
Your four strong arms can wield two-handed weapons with a shield.
You have a pair of large antennae on your head. (SInv)


Message History

You hit the orc but do no damage.
The orc is almost dead.
The orc hits you with a falchion.
You hit the orc but do no damage.
The orc is severely wounded.
The orc completely misses you.
You hit the orc but do no damage.
The orc is severely wounded.
The orc barely misses you.
You closely miss the orc.
The orc is severely wounded.
The orc stops glowing.
The orc barely misses you.
You hit the orc but do no damage.
The orc is severely wounded.
The orc barely misses you.
You hit the orc but do no damage.
The orc is severely wounded.
The orc hits you with a falchion.
You die...

#............#.#............
.............#^#............
.......##.####.#....(.......
....... #..# .......l....
....... ##%# ............
...... #.# ..... #.## ....
#..# ##@# #o# .# #### #####
#w##.# ...# #...# #.##.#
####### (..####.(.#
####..#.######.......
..(.......#
#..............######
.###<###(.# #..............
########.####..............
....>#.....##..............


You could see a worm and an orc.

Vanquished Creatures
  2 oozes (D:1)
  A dart slug (D:1)
  An orc (D:2)
  A ball python (D:1)
  2 bats
  2 giant cockroaches (D:1)
  4 goblins
  2 hobgoblins (D:2)
  5 kobolds
  A quokka (D:2)
  4 frilled lizards
  6 rats
31 creatures vanquished.

Notes
Turn   | Place    | Note
-------+----------+-------------------------------------------
     0 | D:1      | DildoBatman the Formicid Enchanter began the quest for the Orb.
     0 | D:1      | Reached XP level 1. HP: 13/13 MP: 3/3
    49 | D:1      | Reached skill level 1 in Fighting
   182 | D:1      | Reached XP level 2. HP: 19/21 MP: 5/5
   832 | D:1      | Reached XP level 3. HP: 19/28 MP: 3/6
   837 | D:1      | Learned a level 3 spell: Confuse
  1292 | D:2      | Noticed an ogre
  1778 | D:2      | Slain by an orc

Skill      XL: |  1  2  3 |
---------------+----------+-----
Fighting       | 1 2 3 |  3.0
Dodging        | 2 |  2.0
Short Blades   | |  1.0
Armour         | |  0.2
Stealth        | |  3.7
Spellcasting   | |  2.1
Hexes          | |  3.7

Action                   || total
-------------------------++-------
Melee: Dagger            ||   150
 Cast: Corona            ||    28
       Confuse           ||     2
 Abil: Dig               ||     2
 Stab: Sleeping          ||     5
  Eat: Chunk             ||     3
Armor: Robe              ||     1
       Ring mail         ||    38
Dodge: Dodged            ||   101
